 Dungeon Crawl Stone Soup version 0.25.0-45-g978344163c (webtiles) character file.

Game seed: 5140576742486862869

77 funkygono the Conjurer (level 4, 0/24 HPs)
             Began as a Deep Elf Conjurer on July 12, 2020.
             Killed from afar by an orc wizard (7 damage)
             ... with a magic dart
             ... on level 3 of the Dungeon.
             The game lasted 00:05:07 (2812 turns).

funkygono the Conjurer (Deep Elf Conjurer)          Turns: 2812, Time: 00:05:08

Health: 0/24       AC:  5    Str:  5    XL:     4   Next: 14%
Magic:  0/10       EV: 13    Int: 21    God:
Gold:   84         SH:  0    Dex: 15    Spells: 6/9 levels left

rFire    . . .     SeeInvis .   (no weapon)
rCold    . . .     Gourm    .   (no shield)
rNeg     . . .     Faith    .   a - +0 robe
rPois    .         Spirit   .   d - +2 helmet
rElec    .         Reflect  .   (no cloak)
rCorr    .         Harm     .   (no gloves)
MR       .....                  (no boots)
Stlth    ++........             (no amulet)
HPRegen  0.08/turn              l - -4 ring of slaying (curse)
MPRegen  0.12/turn              (no ring)

@: no status effects
A: no striking features
a: no special abilities


You were on level 3 of the Dungeon.
You were not hungry.

You visited 1 branch of the dungeon, and saw 3 of its levels.

You collected 84 gold pieces.

Inventory:

Hand Weapons
 b - a +0 dagger
Armour
 a - a +0 robe (worn)
 d - a +2 helmet (worn)
Jewellery
 l - a cursed -4 ring of slaying (left hand)
Scrolls
 e - a scroll of remove curse {unknown}
 g - a scroll of immolation {unknown}
Potions
 f - a potion of lignification
 i - a potion of ambrosia
 j - a potion of magic {unknown}
 k - 2 potions of curing {unknown}
Comestibles
 c - 3 rations


   Skills:
 - Level 2.4 Dodging
 - Level 2.4 Stealth
 - Level 3.0 Spellcasting
 * Level 6.3 Conjurations


You had 6 spell levels left.
You knew the following spells:

 Your Spells              Type           Power        Failure   Level  Hunger
a - Magic Dart            Conj           ####         1%          1    None
b - Searing Ray           Conj           ####..       1%          2    ##.....

Your spell library contained the following spells:

 Spells                   Type           Power        Failure   Level  Hunger
 Dazzling Flash           Conj/Hex       ###...       11%         3    ###....
 Fulminant Prism          Conj/Hex       ###.......   36%         4    ####...
 Iskenderun's Mystic Bla  Conj/Tloc      ###.....     36%         4    ####...


Dungeon Overview and Level Annotations

Branches:
Dungeon (3/15)

Altars:


Message History

You resist with some effort.
The orc wizard gestures wildly while chanting.
The orc wizard blinks!
The orc wizard casts a spell at you. The magic dart hits you!
The orc wizard points at you and mumbles some strange words.
The magic dart hits you.
* * * LOW HITPOINT WARNING * * *
Casting: Magic Dart (safe; 1% risk of failure)
Confirm with . or Enter, or press ? or * to list all spells.
Aiming: Magic Dart (safe; 1% risk of failure)
Press: ? - help, Shift-Dir - straight line, f/p - orc wizard
Aim: an orc wizard, wielding a +0 long sword and wearing a +0 robe (almost dead, fast)
The magic dart hits the orc wizard but does no damage.
The orc wizard is almost dead.
The orc wizard mumbles some strange words.
The orc wizard blinks!
The orc wizard gestures at you while chanting.
The magic dart hits you!
You die...

#.# #.# ###...###
#.###############
#.###.......###
#.#.............#
#..............
#.#.###########.#
#.###........รท. ....#
#.# #.............. #.###
#######.###.#####...#....
#.# ............#
######... #.#
#######.####### ####.#
#.# #.@...o.# #....# #.#
#######.# #.#### ..# #.#
#.# #.# #)# #.# #.# #<#
#.# #.# #)# #.# ..) #.#
... #.#


You could see an orc wizard (fast).

Vanquished Creatures
  An adder (D:3)
  An ooze (D:1)
  4 worms
  2 leopard geckos
  2 orcs (D:3)
  4 giant cockroaches
  7 goblins
  5 hobgoblins
  2 kobolds
  A quokka (D:2)
  7 ball pythons
  3 bats (D:1)
  2 frilled lizards
  7 rats
48 creatures vanquished.

Notes
Turn   | Place    | Note
-------+----------+-------------------------------------------
     0 | D:1      | funkygono the Deep Elf Conjurer began the quest for the
                  | Orb.
     0 | D:1      | Reached XP level 1. HP: 10/10 MP: 6/6
   250 | D:1      | Reached XP level 2. HP: 15/15 MP: 2/8
   254 | D:1      | Learned a level 2 spell: Searing Ray
   367 | D:1      | Reached skill level 5 in Conjurations
   831 | D:1      | Reached XP level 3. HP: 19/19 MP: 7/9
  1988 | D:2      | Reached skill level 6 in Conjurations
  2615 | D:3      | Reached XP level 4. HP: 24/24 MP: 4/10
  2812 | D:3      | Killed from afar by an orc wizard

Illustrated notes

Levels and vault maps discovered:
D:1:      psy_arrival_whirlpool, layout_basic, minmay_shallow_snake_nest
D:2:      layout_basic
D:3:      layout_loops_ring

Skill      XL: |  1  2  3 |
---------------+----------+-----
Conjurations   | 5 6 |  6.3
Dodging        | |  2.4
Stealth        | |  2.4
Spellcasting   | |  3.0

Action                   |  1- 3 |  4- 6 || total
-------------------------+-------+-------++-------
Melee: Unarmed           |     3 |       ||     3
 Cast: Magic Dart        |    74 |    12 ||    86
       Searing Ray       |     3 |     1 ||     4
  Use: Scroll            |     8 |       ||     8
  Eat: Chunk             |     5 |     1 ||     6
Armor: Robe              |     1 |     2 ||     3
Dodge: Dodged            |     9 |     5 ||    14
